 Dungeon Crawl Stone Soup version 0.31-a0-744-gbc345e7fcb (webtiles) character file.

Game seed: 6825995661409240396

127 DocEon the Changeling (level 4, -10/29 HPs)
             Began as a Draconian Shapeshifter on Sept 14, 2023.
             Killed by divine providence
             ... invoked by an orc priest
              (11 damage)
             ... on level 3 of the Dungeon.
             The game lasted 00:02:27 (2691 turns).

DocEon the Changeling (Draconian Shapeshifter)      Turns: 2691, Time: 00:02:28

Health: -10/29     AC:  7    Str: 17    XL:     4   Next: 85%
Magic:  4/4        EV: 12    Int: 10    God:
Gold:   152        SH:  0    Dex: 12    Spells: 3/3 levels left

rFire   . .          .
                       - Unarmed
rCold   . . .        (shield currently unavailable)
rNeg    . . .        (body armour unavailable)
rPois   .            (helmet restricted)
rElec   .            a - +1 cloak
rCorr   .            (no gloves)
SInv    .            (no boots)
Will    .....        (no amulet)
Stlth   +            (no ring)
HPRegen 0.24/turn    (no ring)
MPRegen 0.09/turn

%: no passive effects
@: flux-form, glowing
A: glow, contaminating, reduced hp, AC +5, unfitting armour, cold-blooded
a: Begin Untransformation


You were on level 3 of the Dungeon.
You were something dangerously unstable.
You visited 1 branch of the dungeon, and saw 3 of its levels.

You collected 152 gold pieces.

Inventory:

Armour
 a - a +1 cloak (worn)
Talismans
 b - a beast talisman
 c - a flux talisman (active)
 j - a blade talisman
Scrolls
 e - 2 scrolls of teleportation
 g - a scroll of identify
 l - a scroll of fear
Potions
 d - a potion of berserk rage
 f - a potion of invisibility
 n - a potion of curing {unknown}


   Skills:
 - Level 1.1 Fighting
 - Level 1.7 Dodging
 - Level 3.0 Unarmed Combat
 + Level 5.3 Shapeshifting


You had 3 spell levels left.
You didn't know any spells.
Your spell library contained the following spells:

 Spells                   Type           Power      Damage    Failure   Level
 Apportation              Tloc           0%         N/A       36%         1
 Necrotise                Necr           0%         1d4       36%         1
 Jinxbite                 Hex            0%         N/A       50%         2
 Vampiric Draining        Necr           0%         2d6       75%         3
 Agony                    Necr           0%         N/A       100%        5
 Alistair's Intoxication  Tmut/Pois      0%         N/A       100%        5


Dungeon Overview and Level Annotations

Branches:
Dungeon (3/15)

Altars:
Ru

Shops:
D:1 [


Innate Abilities, Weirdness & Mutations

You are something dangerously unstable.
You glow with magical radiation, making you easy to see and hit.
Foes you strike become dangerously contaminated with magical radiation.
Your maximum health is decreased, since you lack skill for your form.
You are incapable of wielding weapons or throwing items.
Your plain brown scales are hard. (AC +5)
You cannot fit into any form of body armour.
You are cold-blooded and may be slowed by cold attacks.


Message History

The kobold hits you but does no damage.
You hit the kobold.
You kill the kobold!
You hit the orc.
The orc begins to glow.
The orc is severely wounded.
You hit the orc but do no damage.
The orc begins to glow.
You barely miss the orc. The orc hits you with a +0 hand axe.
You hit the orc but do no damage.
The orc glows dangerously bright.
You hit the orc but do no damage.
The orc shudders as magic cascades through it!
You kill the orc!
The orc priest calls upon Beogh to heal the orc.
The orc's wounds heal themselves!
You barely miss the orc. The orc barely misses you.
You hit the orc but do no damage.
The orc begins to glow.
The orc closely misses you. The orc hits you but does no damage.
You hit the orc.
The orc glows dangerously bright.
You tail-slap the orc.
The orc is severely wounded.
The orc stops glowing.
The orc hits you with a +0 dagger. The orc hits you but does no damage.
You hit the orc.
The orc shudders as magic cascades through it!
You kill the orc!
The orc closely misses you.
You barely miss the orc priest. You tail-slap the orc priest.
The orc priest is lightly wounded.
The orc priest hits you with a +0 dagger.
The orc hits you with a +0 dagger.
You hit the orc priest.
The orc priest begins to glow.
The orc priest is moderately wounded.
The orc priest mumbles some strange prayers to Beogh against you.
Pain shoots through your body!
* * * LOW HITPOINT WARNING * * *
The orc hits you with a +0 dagger.
* * * LOW HITPOINT WARNING * * *
You barely miss the orc priest. You tail-slap the orc priest.
The orc priest is heavily wounded.
The orc priest calls down the wrath of Beogh upon you.
Beogh smites you!
You die...

#,*****#..............,*,*
#
#,*****#.###.#.#######,*,*
# #,*,,,,*,*,#.#o#..,*
*>*,* #
.,*,**,*,*,..#.#.#,* *,*,*
#### ..*,**,*+*+#.#o#.#,*
*,*,* #...
..#,**,,,,,..#.#.#,***,*,*
#...
..#,,,,,,,,..#o#.#,,,,,*,*
#...
..#***,,,,,..#K#.#######,*
#...
..#***,,,,,,,#.#B......#,*
#...
,,,,,,,,,,,,,#.oo......#.#
#...
,******,,,,,,#.........#.#
#...
,..,,**,,,,,*#(........#.#
#...
....,+,,,..#*#.........#.#
#### .....****#.#
#.........#.# #####
.....#####.# #.#######.#.#
#.... ,.......##.#
#.#######.#.# #....
,*..##..##.#
#.........#'## #....


You could see an orc priest (contam) and an orc.

Vanquished Creatures
  Crazy Yiuf (D:2)
  4 adders
  4 dart slugs
  2 orcs (D:3)
  5 ball pythons
  5 endoplasms
  4 giant cockroaches (D:1)
  4 goblins
  4 hobgoblins
  6 quokkas
  5 bats
  3 kobolds
  3 rats
50 creatures vanquished.

Notes
Turn   | Place    | Note
-------+----------+-------------------------------------------
     0 | D:1      | DocEon the Draconian Shapeshifter began the quest for the
                  | Orb.
     0 | D:1      | Reached XP level 1. HP: 16/16 MP: 1/1
    70 | D:1      | Found Balodezui's Armour Emporium.
    70 | D:1      | Noticed an animated shadow dragon scales
    71 | D:1      | Noticed an animated pearl dragon scales
   232 | D:1      | Reached XP level 2. HP: 22/23 MP: 2/2
   742 | D:2      | Reached skill level 4 in Shapeshifting
   766 | D:2      | Reached XP level 3. HP: 7/28 MP: 3/3
  1305 | D:2      | Found a runed translucent door.
  1306 | D:2      | Noticed Crazy Yiuf
  1793 | D:2      | Killed Crazy Yiuf
  1794 | D:2      | Reached XP level 4. HP: 33/35 MP: 4/4
  2206 | D:3      | Reached skill level 5 in Shapeshifting
  2480 | D:3      | Found a sacrificial altar of Ru.
  2690 | D:3      | HP: 1/29 [orc/+0 dagger (1)]
  2691 | D:3      | Killed from afar by an orc priest

Illustrated notes

Levels and vault maps discovered:
D:1:      dpeg_arrival_shrine, layout_basic, serial_shops,
          nicolae_shop_mannequins, nicolae_twisty_statue_hallways
D:2:      layout_basic, st_stairs_3, uniq_crazy_yiuf_cottage
D:3:      layout_basic, nicolae_ru_sacrificial_ziggurat, minmay_pentomino_pile

Skill      XL: |  1  2  3  4 |
---------------+-------------+-----
Shapeshifting  | 4 5 |  5.3
Fighting       | |  1.1
Dodging        | |  1.7
Unarmed Combat | |  3.0

Action                     |  1- 3 |  4- 6 || total
---------------------------+-------+-------++-------
  Melee: Unarmed           |    96 |    76 ||   172
         Tailslap          |     9 |     7 ||    16
    Use: Potion            |     1 |       ||     1
         Scroll            |       |     9 ||     9
 Armour: Skin              |    64 |    52 ||   116
  Dodge: Dodged            |    50 |    57 ||   107
   Form: Blade             |     1 |       ||     1
         Flux              |     1 |       ||     1

Table legend: (Time is in decaauts)
 A = Elapsed time spent in this place.
 B = Non-inter-level travel time spent in this place.
 C = Inter-level travel time spent in this place.
 D = Time resting spent in this place.
 E = Time spent auto-exploring this place.
 F = Levels seen in this place.
 G = Mean time per level.
                   A        B        C        D        E       F      G
               +--------+--------+--------+--------+--------+-----+--------+
         Total |   2689 |   2560 |    129 |    589 |   1527 |   3 |  896.3 |
       Dungeon |   2689 |   2560 |    129 |    589 |   1527 |   3 |  896.3 |
               +--------+--------+--------+--------+--------+-----+--------+

Top non-repeatable levels by time:
     D:2: 1402 daAuts
     D:1: 663 daAuts
     D:3: 624 daAuts
